 Dungeon Crawl Stone Soup version 0.13.0-59-g13bd910 (webtiles) character file.

225 Lilouch the Magician (level 4, 0/30 HPs)
             Began as a Mummy Fire Elementalist on Nov 22, 2013.
             Slain by a crimson imp
             ... wielding a +2,+2 dwarven short sword
              (4 damage)
             ... on Level 3 of the Dungeon.
             The game lasted 00:10:35 (2881 turns).

Lilouch the Magician (Mummy Fire Elementalist)      Turns: 2881, Time: 00:10:36

HP   0/30        AC  2     Str 11      XL: 4   Next: 64%
MP   2/9         EV 12     Int 15      God:
Gold 113         SH  0     Dex 12      Spells:  3 memorised,  3 levels left

Res.Fire  : x . .   See Invis. : .   g - +0 whip
Res.Cold  : + . .   Warding    : .   a - +0 robe
Life Prot.: + + +   Conserve   : .   (no shield)
Res.Poison: +       Res.Corr.  : .   (no helmet)
Res.Elec. : .       Clarity    : .   (no cloak)
Sust.Abil.: . .     Spirit.Shd : .   (no gloves)
Res.Mut.  : .       Stasis     : .   (no boots)
Res.Rott. : +       Flight     : .   (no amulet)
Saprovore : . . .                    (no ring)
                                     (no ring)

@: very slightly contaminated, slightly resistant to hostile enchantments,
unstealthy
A: no food or potions, fire vulnerability, restore body, cold resistance 1, life
protection 3, poison resistance, torment resistance, unbreathing
a: no special abilities


You were on level 3 of the Dungeon.
You were not hungry.

You visited 1 branch of the dungeon, and saw 4 of its levels.

You collected 93 gold pieces.

Inventory:

Hand weapons
 g - a +0,+0 whip (weapon)
 x - a +0,+0 sling
Missiles
 t - 2 exploding darts (quivered)
Armour
 a - a +0 robe (worn)
Scrolls
 e - 4 scrolls of identify {unknown}
 f - a scroll of curse armour {unknown}
 i - a scroll of recharging {unknown}
 l - a scroll of noise {unknown}
 n - a scroll of remove curse {unknown}
 p - a scroll of random uselessness {unknown}
 q - a scroll of fog {unknown}
 s - a scroll of enchant weapon I {unknown}
 v - a scroll of enchant armour {unknown}
 w - a scroll of amnesia {unknown}
Jewellery
 o - a cursed ring of teleportation {unknown}
Books
 b - a book of Flames

   Spells                             Type                      Level
   *Flame Tongue                      Conjuration/Fire             1
   *Throw Flame                       Conjuration/Fire             2
   *Conjure Flame                     Conjuration/Fire             3
   Inner Flame                        Hexes/Fire                   3
   Sticky Flame                       Conjuration/Fire             4
   Fireball                           Conjuration/Fire             5


   Skills:
 - Level 1.5 Dodging
 - Level 1.5 Stealth
 * Level 3.0 Spellcasting
 + Level 1.8 Conjurations
 + Level 3.0 Fire Magic


You had 3 spell levels left.
You knew the following spells:

 Your Spells              Type           Power        Failure   Level  Hunger
a - Flame Tongue          Conj/Fire      #....        10%         1    N/A
b - Throw Flame           Conj/Fire      #.....       12%         2    N/A
c - Conjure Flame         Conj/Fire      #.......     24%         3    N/A

Dungeon Overview and Level Annotations

Branches:
Dungeon (4/27)
 Temple: D:4-7

Altars:


Innate Abilities, Weirdness & Mutations

You do not eat or drink.
Your flesh is vulnerable to fire.
Your flesh is cold resistant.
You are immune to negative energy.
Your system is resistant to poisons.
You are immune to unholy pain and torment.
You can survive without breathing.


Message History

You barely miss the crimson imp.
The crimson imp is moderately wounded.
The crimson imp misses you.
You miss the crimson imp.
The crimson imp is lightly wounded.
The crimson imp hits you but does no damage.
You closely miss the crimson imp.
The crimson imp is lightly wounded.
The crimson imp hits you with a dwarven short sword.
You miss the crimson imp. The crimson imp barely misses you.
You barely miss the crimson imp.
The crimson imp hits you with a dwarven short sword.
* * * LOW HITPOINT WARNING * * *
You hit the crimson imp.
The crimson imp is lightly wounded.
The crimson imp hits you with a dwarven short sword.
* * * LOW HITPOINT WARNING * * *
The crimson imp grins evilly.
The crimson imp hits you with a dwarven short sword.
You die...

## #. #. ##. ########## ..
#........############### #.
#...####.##5........<..###.
#......#.#@......%%...%....
#...##.#.#..######...#...%.
#...##.#.#..######...#####.
#...##.#.#............####.
#........#.................
##.###.#..%................
#.# #.#...................
#.# #.###...#####.........
#.# #.......#######.#####.


You could see a crimson imp.

Vanquished Creatures
  A giant frog skeleton (D:4)
  2 adders
  A giant mite (D:2)
  A worm (D:4)
  A giant gecko (D:2)
  2 oozes
  4 bats
  3 giant cockroaches
  A goblin (D:1)
  3 hobgoblins
  8 kobolds
  A quokka (D:3)
  2 ball pythons
  3 giant newts
  10 jackals
  7 rats
50 creatures vanquished.

Notes
Turn   | Place    | Note
--------------------------------------------------------------
     0 | D:1      | Lilouch, the Mummy Fire Elementalist, began the quest for the Orb.
     0 | D:1      | Reached XP level 1. HP: 13/13 MP: 3/3
    88 | D:1      | Reached skill level 1 in Conjurations
   625 | D:1      | Reached XP level 2. HP: 5/19 MP: 1/4
  1308 | D:2      | Reached XP level 3. HP: 20/24 MP: 1/6
  2283 | D:3      | Reached XP level 4. HP: 30/30 MP: 5/8
  2533 | D:3      | Learned a level 2 spell: Throw Flame
  2537 | D:3      | Learned a level 3 spell: Conjure Flame
  2649 | D:4      | Reached skill level 3 in Spellcasting
  2881 | D:3      | Slain by a crimson imp

Action                   |  1- 3 |  4- 6 || total
-------------------------+-------+-------++-------
Melee: Club              |    12 |       ||    12
       Whip              |    24 |     9 ||    33
Throw: Dagger            |    13 |     6 ||    19
       Club              |    10 |     8 ||    18
 Cast: Flame Tongue      |    49 |    26 ||    75
